 Dungeon Crawl Stone Soup version 0.21-a0-642-g5d013b2151 (console) character file.

28 Harunobu the Ruffian (level 3, 0/36 HPs)
             Began as a Troll Monk on Dec 31, 2017.
             Slain by an iguana (4 damage)
             ... on level 2 of the Dungeon.
             The game lasted 00:01:53 (1062 turns).

Harunobu the Ruffian (Troll Monk)                   Turns: 1062, Time: 00:01:54

Health: 0/36       AC:  5    Str: 20    XL:     3   Next: 0%
Magic:  2/2        EV: 10    Int:  6    God:
Gold:   75         SH:  0    Dex: 12    Spells: 2/2 levels left

rFire    . . .     SeeInvis .     - Unarmed
rCold    . . .     Gourm    +   (no shield)
rNeg     . . .     Faith    .   a - +0 robe
rPois    .         Spirit   .   (helmet restricted)
rElec    .         Reflect  .   (no cloak)
rCorr    .         Harm     .   (gloves unavailable)
MR       .....                  (boots unavailable)
Stlth    ++........             (no amulet)
HPRegen  0.52/turn              (no ring)
MPRegen  0.08/turn              (no ring)

@: no status effects
A: large, unfitting armour, claws 3, fast metabolism 3, gourmand, regeneration
1, shaggy fur 1, tough skin 2
a: no special abilities


You were on level 2 of the Dungeon.
You were not hungry.

You visited 1 branch of the dungeon, and saw 2 of its levels.

You collected 75 gold pieces.

Inventory:

Hand Weapons
 f - a +1 short sword of venom
Armour
 a - a +0 robe (worn)
Scrolls
 d - a scroll of blinking {unknown}
 e - a scroll of identify {unknown}
Potions
 c - a potion of haste {unknown}
 g - a potion of heal wounds {unknown}
Comestibles
 b - 4 rations


   Skills:
 + Level 2.7 Fighting
 + Level 2.8 Dodging
 + Level 1.1 Stealth
 + Level 3.3 Unarmed Combat


You had 2 spell levels left.
You didn't know any spells.

Dungeon Overview and Level Annotations

Branches:
Dungeon (2/15)

Altars:


Innate Abilities, Weirdness & Mutations

You are too large for most types of armour.
You have claws for hands.
Your metabolism is lightning-fast.
You like to eat raw meat.
Your natural rate of healing is unusually fast.
You are covered in fur. (AC +1)
You have very tough skin. (AC +2)


Message History

You kill the orc!
You have reached level 3!
Your experience leads to an increase in your attributes!
Increase (S)trength, (I)ntelligence, or (D)exterity?
You feel stronger. x2
A kobold comes into view.
The iguana closely misses you.
You barely miss the iguana. The iguana bites you!
* * * LOW HITPOINT WARNING * * *
You claw the iguana!
The iguana is heavily wounded.
The iguana bites you.
* * * LOW HITPOINT WARNING * * *
You scratch the iguana.
The iguana is almost dead.
The iguana bites you but does no damage.
You scratch the iguana but do no damage.
The iguana is almost dead.
Something hits you but does no damage. The iguana bites you.
You die...

..# ## #.K# .. #..# #.
#.o# .# #.####### #..###
.# ..#....# #.).# ##.
#.#(...# #o# #..
#.#....# #)# #.#
#......# #@# #.#
##.....#
######l###.#####......#
..................#....#
###.###...#.#######<...#
###...# #....# ##..#
#....# #### ######


You could see an iguana and an orc.

Vanquished Creatures
  A dart slug (D:1)
  3 orcs (D:2)
  3 bats (D:1)
  3 giant cockroaches (D:1)
  5 goblins (D:1)
  3 kobolds (D:1)
  A frilled lizard (D:1)
  2 rats (D:1)
21 creatures vanquished.

Notes
Turn   | Place    | Note
-------+----------+-------------------------------------------
     0 | D:1      | Harunobu the Troll Monk began the quest for the Orb.
     0 | D:1      | Reached XP level 1. HP: 22/22 MP: 0/0
   236 | D:1      | Reached XP level 2. HP: 29/29 MP: 1/1
  1057 | D:2      | Reached XP level 3. HP: 18/36 MP: 2/2
  1062 | D:2      | Slain by an iguana

Vault maps used:
D:1:      eino_arrival_cavern_b, nrook_uturn
D:2:      grunt_ministairs_12, uniq_jessica, uniq_terence

Action                   || total
-------------------------++-------
Melee: Unarmed           ||    47
 Stab: Sleeping          ||     2
  Eat: Chunk             ||     4
       Ration            ||     1
Armor: Robe              ||    21
Dodge: Dodged            ||    33

Table legend:
 A = Spawn XP
 B = Non-spawn XP
 C = Spawn XP percentage of total XP
 D = Spawn monster count
 E = Non-spawn monster count
 F = Spawn count percentage of total count
 G = Total turns spent on level
                    A         B        C        D         E        F      G
               +---------+---------+-------+---------+---------+-------+---------
         Total |       0 |      41 |   0.0 |       0 |      21 |   0.0 |  1062
               +---------+---------+-------+---------+---------+-------+---------
           D:1 |       0 |      32 |   0.0 |       0 |      18 |   0.0 |  1023
           D:2 |       0 |       9 |   0.0 |       0 |       3 |   0.0 |    39
               +---------+---------+-------+---------+---------+-------+---------
